 Dungeon Crawl Stone Soup version 0.23.2-1-ga50397a6bc (webtiles) character file.

Game seed: 5411177010690351841

7179 BorisKarlOrff the Spear-Bearer (level 10, -8/93 HPs)
             Began as a Minotaur Chaos Knight on May 24, 2019.
             Was a Plaything of Xom.
             Mangled by an ogre
             ... wielding a +0 giant club
              (16 damage)
             ... while paralysed by Psyche
             ... on level 9 of the Dungeon on May 25, 2019.
             The game lasted 00:30:16 (6853 turns).

BorisKarlOrff the Spear-Bearer (MiCK)               Turns: 6853, Time: 00:30:18

Health: -8/93      AC: 12    Str: 18    XL:     10   Next: 86%
Magic:  4/9        EV:  2    Int:  9    God:    Xom [..*...]
Gold:   1420       SH:  0    Dex: 12    Spells: 9/9 levels left

rFire    + . .     SeeInvis .   a - +4 spear (chaos)
rCold    . . .     Gourm    .   (no shield)
rNeg     + . .     Faith    .   A - +0 scale mail (curse)
rPois    .         Spirit   .   (helmet unavailable)
rElec    .         Reflect  .   j - scarf {repulsion}
rCorr    .         Harm     .   (no gloves)
MR       ++...     Clarity  +   D - +1 pair of boots
Stlth    +++.......             h - amulet of inaccuracy (curse)
HPRegen  0.25/turn              d - ring of protection from magic
MPRegen  0.11/turn              g - ring of positive energy

@: paralysed, marked, repel missiles
A: retaliatory headbutt, beak, claws 1, hooves 1, horns 3, rugged brown scales
1, camouflage 1, clarity, fire resistance 1, magic resistance 1, shaggy fur 1,
MP-powered wands
a: Renounce Religion


You were on level 9 of the Dungeon.
You worshipped Xom.
You were a toy of Xom.
You were not hungry.

You visited 1 branch of the dungeon, and saw 9 of its levels.
You also visited: Sewer.

You collected 1420 gold pieces.

Inventory:

Hand Weapons
 a - a +4 spear of chaos (weapon)
 o - the +3 quarterstaff "Daerphed" {protect, *Rage +Rage Dex+6 Stlth+}
   (You found it on level 4 of the Dungeon)

   It protects the one who uses it against injury (+AC on strike).
   It affects your dexterity (+6).
   It lets you go berserk.
   It may make you go berserk in combat.
   It makes you more stealthy.
 x - the +7 hunting sling of Royalism {freeze, Int+6}
   (You found it on level 6 of the Dungeon)

   It causes projectiles fired from it to freeze those they strike, causing
   extra injury to most foes and up to half again as much damage against
   particularly susceptible opponents.
   They can also slow down cold-blooded creatures.
   It affects your intelligence (+6).
Armour
 j - a scarf of repulsion (worn)
 s - a +0 chain mail
 A - a cursed +0 scale mail (worn)
 D - a +1 pair of boots (worn)
Jewellery
 d - a ring of protection from magic (left claw)
 g - a ring of positive energy (right claw)
 h - a cursed amulet of inaccuracy (around neck)
 i - an uncursed ring of magical power
 l - an uncursed amulet of guardian spirit {unknown}
 m - an uncursed ring of magical power
 t - an uncursed amulet of the acrobat {unknown}
 u - an uncursed ring of fire {unknown}
 v - an uncursed ring of resist corrosion {unknown}
 B - an uncursed ring of protection from fire {unknown}
Wands
 k - a wand of iceblast (4)
 p - a wand of acid (3)
 z - a wand of scattershot (6)
 C - a wand of polymorph (19)
Scrolls
 e - 4 scrolls of teleportation
 y - a scroll of amnesia
Potions
 b - a potion of cancellation
 f - a potion of agility
 n - 2 potions of brilliance
 q - 2 potions of curing
 r - a potion of haste
 w - 2 potions of might
Comestibles
 c - 12 rations
 E - 3 chunks of flesh


   Skills:
 + Level 9.0 Fighting
 + Level 10.1(10.9) Polearms
 + Level 6.6(9.3) Staves
 + Level 9.4 Armour
 + Level 5.9 Dodging
 + Level 6.4 Stealth
 + Level 0.6 Evocations


You had 9 spell levels left.
You didn't know any spells.
Your spell library contained the following spells:

 Spells                   Type           Power        Failure   Level  Hunger
 Animate Skeleton         Necr           N/A          71%         1    ##.....
 Magic Dart               Conj           #...         71%         1    ##.....
 Pain                     Necr           #...         71%         1    ##.....
 Blink                    Tloc           N/A          85%         2    ###....
 Call Imp                 Summ           #.......     85%         2    ###....
 Slow                     Hex            #.......     85%         2    ###....
 Conjure Flame            Conj/Fire      #.......     97%         3    ####...
 Mephitic Cloud           Conj/Pois/Air  #.......     97%         3    ####...
 Regeneration             Chrm/Necr      #.........   97%         3    ####...
 Vampiric Draining        Necr           #.........   97%         3    ####...
 Animate Dead             Necr           N/A          100%        4    #####..


Dungeon Overview and Level Annotations

Branches:
Dungeon (9/15)             Temple (0/1) D:7
   Lair: D:8-11         Orc: D:9-12

Altars:
Cheibriados
Dithmenos
Gozag
Hepliaklqana
Makhleb
Okawaru
Trog
Vehumet
Xom
Zin

Shops:
D:4 [

Annotations:
D:9 Psyche


Innate Abilities, Weirdness & Mutations

You reflexively headbutt those who attack you in melee.
You have a pair of large horns on your head.
You have a beak for a mouth.
You have sharp fingernails.
You have large cloven feet.
You are partially covered in rugged brown scales. (AC +1, +3% HP)
Your skin changes colour to match your surroundings (Stealth+).
You possess an exceptional clarity of mind.
Your flesh is heat resistant. (rF+)
You are resistant to hostile enchantments. (MR+)
You are covered in fur. (AC +1)
You expend magic power (3 MP) to strengthen your wands.


Message History

Psyche hits you but does no damage. Space bends around you.
Psyche barely misses you.
The jackal bites you but does no damage.
Psyche hits you but does no damage.
The jackal bites you but does no damage.
Psyche points at you and mumbles some strange words.
The magic dart hits you!
The jackal bites you but does no damage.
Psyche hits you but does no damage. Space bends around you.
Psyche hits you but does no damage. The ogre hits you with a +0 giant club!
* * * LOW HITPOINT WARNING * * *
The jackal completely misses you. Psyche gestures at you while chanting.
The magic dart hits you.
* * * LOW HITPOINT WARNING * * *
Psyche hits you but does no damage.
You are electrocuted!
* * * LOW HITPOINT WARNING * * *
The ogre hits you with a +0 giant club!
You die...
Xom snickers!

......#** #.# ......#
#.#
......########.####
......##%.........##
......#..%.........##
....................#
...########..%....%>#
...#*###**##..%O@.%.#
...# ,÷..###..hh@...#
...#*,,,#..#.....%..#
...#*,,,**#%÷..)...##
...# **** ##(.)...##
...# ######## ####


You could see Psyche, an ogre and 2 jackals.

Vanquished Creatures
  Harold (D:9)
  2 two-headed ogres (D:8)
  Pikel (D:7)
  Grinder (D:3)
  Sigmund (D:5)
  4 yaks (D:9)
  3 hungry ghosts
  A hornet zombie (D:5)
  A swamp drake (D:6)
  2 slaves (D:7)
  5 ice beasts
  A sky beast (D:7)
  3 phantoms
  A necrophage (D:7)
  2 orc warriors
  2 black bears
  2 ogres
  A centaur (D:8)
  A crocodile (Sewer)
  A big kobold (D:7)
  A gnoll sergeant (D:7)
  2 bullfrogs
  6 scorpions
  An electric eel (D:7)
  A centaur zombie (D:6)
  2 crimson imps (D:6)
  An orc priest (D:3)
  2 jellies
  A centaur skeleton (D:6)
  A hound (D:6)
  2 orc wizards
  2 iguanas
  4 worker ants
  A hound zombie (D:8)
  7 gnolls
  3 adders
  7 worms
  3 dart slugs
  A leopard gecko (D:1)
  11 orcs
  A ball python (D:5)
  8 giant cockroaches
  5 goblins
  6 hobgoblins
  11 jackals
  7 quokkas
  9 bats
  3 frilled lizards
  A giant cockroach zombie (D:5)
  A jackal skeleton (D:4)
  12 kobolds
  A leopard gecko zombie (D:6)
  10 rats
170 creatures vanquished.

Vanquished Creatures (collateral kills)
  A two-headed ogre (D:8)
  A bullfrog (D:7)
  A jelly (D:7)
  A gnoll (D:7)
  2 adders
  A frilled lizard (D:3)
7 creatures vanquished.

Vanquished Creatures (others)
  An ogre (D:7)
  A centaur skeleton (D:7)
  An orc (D:3)
3 creatures vanquished.

Grand Total: 180 creatures vanquished

Notes
Turn   | Place    | Note
-------+----------+-------------------------------------------
     0 | D:1      | BorisKarlOrff the Minotaur Chaos Knight began the quest for
                  | the Orb.
     0 | D:1      | Reached XP level 1. HP: 19/19 MP: 0/0
    76 | D:1      | Reached XP level 2. HP: 18/27 MP: 1/1
   111 | D:1      | XOM: harmless Fire miscast
   126 | D:1      | Reached skill level 4 in Polearms
   716 | D:1      | XOM: mild Summ miscast
   742 | D:1      | XOM: god gift: 28 gold pieces
   762 | D:2      | Reached XP level 3. HP: 30/33 MP: 2/2
   901 | D:2      | XOM: mild Air miscast
  1013 | D:2      | XOM: blink monster(s)
  1182 | D:2      | Found a shadowy altar of Dithmenos.
  1182 | D:2      | Found a hazy altar of Hepliaklqana.
  1193 | D:3      | XOM: enchant monster (good)
  1221 | D:2      | Reached XP level 4. HP: 15/41 MP: 3/3
  1426 | D:3      | XOM: summons friendly crimson imp
  1430 | D:3      | Reached skill level 5 in Polearms
  1443 | D:3      | Found a faded altar of an unknown god.
  1453 | D:3      | Noticed Grinder
  1477 | D:3      | Killed Grinder
  1477 | D:3      | Reached skill level 5 in Fighting
  1477 | D:3      | Reached XP level 5. HP: 18/48 MP: 4/4
  1477 | D:3      | Reached XP level 6. HP: 21/56 MP: 5/5
  1593 | D:3      | XOM: enchant monster (good)
  1823 | D:3      | XOM: silly message
  2192 | D:4      | Reached skill level 6 in Polearms
  2228 | D:4      | Got a bone quarterstaff
  2229 | D:4      | Identified the +3 quarterstaff "Daerphed" {protect, *Rage
                  | +Rage Dex+6 Stlth+} (You found it on level 4 of the
                  | Dungeon)
  2294 | D:4      | XOM: scenery: 2 doors open
  2580 | D:4      | XOM: divination: detect items
  2607 | D:4      | Found a snail-covered altar of Cheibriados.
  2767 | D:4      | XOM: mild Erth miscast
  2810 | D:4      | Found Waefoptat's Armour Emporium.
  2869 | D:5      | Entered Level 5 of the Dungeon
  2872 | D:5      | XOM: divination: detect creatures
  2874 | D:5      | Reached skill level 1 in Staves
  2903 | D:5      | Reached XP level 7. HP: 46/61 MP: 6/6
  2912 | D:5      | Found a glowing drain.
  2928 | Sewer    | Entered a sewer
  2964 | Sewer    | Reached skill level 1 in Stealth
  2998 | Sewer    | XOM: silly message
  3057 | D:5      | XOM: potion effect (invisibility)
  3144 | D:5      | Found a bloodstained altar of Trog.
  3204 | D:5      | XOM: cast spell 'Dispersal'
  3258 | D:5      | Noticed Sigmund
  3264 | D:5      | XOM: summons friendly white imp
  3277 | D:5      | Killed Sigmund
  3277 | D:5      | Reached XP level 8. HP: 56/70 MP: 7/7
  3353 | D:5      | Found a shimmering altar of Xom.
  3457 | D:5      | XOM: cloud trail
  3465 | D:5      | XOM: polymorph white imp -> iron imp
  3471 | D:5      | Found a burning altar of Makhleb.
  3472 | D:5      | Found an iron altar of Okawaru.
  3547 | D:5      | XOM: scenery: create altars
  3603 | D:6      | XOM: summons 2 friendly demons
  3609 | D:6      | Reached skill level 5 in Armour
  3620 | D:6      | Reached skill level 5 in Staves
  3623 | D:6      | Found a radiant altar of Vehumet.
  3626 | D:6      | XOM: summons friendly crimson imp
  3792 | D:6      | Got a brightly glowing hunting sling
  3828 | D:6      | Identified the +7 hunting sling of Royalism {freeze, Int+6}
                  | (You found it on level 6 of the Dungeon)
  3876 | D:6      | XOM: cast spell 'Cause Fear'
  3880 | D:6      | XOM: noise
  3954 | D:6      | XOM: medium Tloc miscast
  3960 | D:6      | XOM: give mutations
  3960 | D:6      | Gained mutation: You are resistant to hostile enchantments.
                  | (MR+) [Xom's grace]
  3960 | D:6      | Gained mutation: Your skin changes colour to match your
                  | surroundings (Stealth+). [Xom's grace]
  3960 | D:6      | Gained mutation: You evolve. [Xom's grace]
  3960 | D:6      | Gained mutation: You are partially covered in rugged brown
                  | scales. (AC +1, +3% HP) [Xom's grace]
  3972 | D:6      | Gained mutation: You have sharp fingernails. [evolution]
  4049 | D:6      | XOM: polymorph sky beast -> swamp drake
  4100 | D:6      | Found an opulent altar of Gozag.
  4243 | D:6      | Reached skill level 7 in Polearms
  4315 | D:7      | Reached XP level 9. HP: 54/81 MP: 8/8
  4374 | D:7      | XOM: cleaving
  4377 | D:7      | XOM: summons friendly quasit
  4490 | D:7      | XOM: scenery: create altars
  4499 | D:7      | XOM: 4-stop teleportation journey
  4604 | D:7      | XOM: summons 4 friendly demons
  4607 | D:7      | Reached skill level 8 in Polearms
  4711 | D:7      | Noticed Pikel
  4717 | D:7      | XOM: confuse monster(s)
  4727 | D:7      | XOM: 1-stop teleportation journey
  5236 | D:7      | Gained mutation: You have a beak for a mouth. [evolution]
  5236 | D:7      | Lost mutation: You evolve. [end of evolution]
  5244 | D:7      | Found a staircase to the Ecumenical Temple.
  5270 | D:7      | Killed Pikel
  5411 | D:7      | XOM: god gift: runed robe {god gift}
  5521 | D:7      | XOM: divination: detect creatures
  5579 | D:7      | XOM: cast spell 'Summon Small Mammal'
  5586 | D:7      | Reached skill level 9 in Polearms
  5692 | D:7      | XOM: noise
  5813 | D:8      | XOM: divination: magic mapping
  5851 | D:8      | XOM: mild Necr miscast
  5870 | D:8      | Noticed a two-headed ogre
  5878 | D:8      | Killed a two-headed ogre
  5878 | D:8      | Reached skill level 5 in Dodging
  5878 | D:8      | Reached XP level 10. HP: 36/90 MP: 9/9
  5888 | D:8      | Noticed a two-headed ogre
  6247 | D:8      | Killed a two-headed ogre
  6247 | D:8      | Reached skill level 5 in Stealth
  6269 | D:8      | XOM: summons 7 friendly demons
  6276 | D:8      | Killed a two-headed ogre
  6317 | D:8      | XOM: give mutations
  6317 | D:8      | Gained mutation: You expend magic power (3 MP) to
                  | strengthen your wands. [Xom's grace]
  6317 | D:8      | Gained mutation: You have large cloven feet. [Xom's grace]
  6317 | D:8      | Gained mutation: You possess an exceptional clarity of
                  | mind. [Xom's grace]
  6399 | D:8      | XOM: give mutations
  6399 | D:8      | Gained mutation: You are covered in fur. (AC +1) [Xom's
                  | grace]
  6399 | D:8      | Gained mutation: Your flesh is heat resistant. (rF+) [Xom's
                  | grace]
  6399 | D:8      | Gained mutation: You have a pair of large horns on your
                  | head. [Xom's grace]
  6594 | D:8      | XOM: god gift: 710 gold pieces
  6669 | D:8      | Found a glowing silver altar of Zin.
  6783 | D:9      | Noticed Harold
  6784 | D:9      | XOM: destruction
  6804 | D:9      | Reached skill level 10 in Polearms
  6809 | D:9      | XOM: divination: detect creatures
  6812 | D:9      | XOM: divination: magic mapping
  6819 | D:9      | XOM: cast spell 'Summon Small Mammal'
  6823 | D:9      | Killed Harold
  6835 | D:9      | Noticed Psyche
  6849 | D:9      | Paralysed by Psyche for 5 turns
  6853 | D:9      | Mangled by an ogre

Skill      XL: |  1  2  3  4  5  6  7  8  9 10 |
---------------+-------------------------------+-----
Fighting       | 4 5 6 7 8 9 |  9.0
Polearms       | 4 5 6 7 9 10 | 10.1
Armour         | 3 4 6 8 9 |  9.4
Dodging        | 2 3 4 5 |  5.9
Staves         | 1 4 6 |  6.6
Stealth        | 2 3 4 6 |  6.4
Evocations     | |  0.6

Action                   |  1- 3 |  4- 6 |  7- 9 | 10-12 || total
-------------------------+-------+-------+-------+-------++-------
Melee: Spear             |   137 |    78 |   290 |    91 ||   596
       Headbutt          |     9 |    16 |    53 |    18 ||    96
       Quarterstaff      |       |    41 |    99 |       ||   140
       Peck              |       |       |    11 |    20 ||    31
Evoke: Wand              |       |       |     1 |     5 ||     6
  Use: Scroll            |     5 |     1 |     5 |     6 ||    17
       Potion            |     2 |     5 |     4 |       ||    11
 Stab: Sleeping          |       |     2 |     2 |       ||     4
       Invisible         |       |       |     3 |       ||     3
       Distracted        |       |       |     2 |       ||     2
       Confused          |       |       |     2 |     3 ||     5
       Fleeing           |       |       |     1 |       ||     1
       Petrified         |       |       |     3 |     3 ||     6
       Paralysed         |       |       |     1 |     4 ||     5
       Petrifying        |       |       |     1 |       ||     1
  Eat: Ration            |     2 |     1 |     3 |     4 ||    10
Armor: Leather armour    |    59 |    35 |    17 |       ||   111
       Skin              |       |     8 |       |       ||     8
       Chain mail        |       |       |    88 |       ||    88
       Scale mail        |       |       |    36 |    23 ||    59
Dodge: Dodged            |    78 |    72 |   178 |    31 ||   359
       Deflected         |     1 |     1 |     1 |     6 ||     9
